 Dungeon Crawl Stone Soup version 0.16.2-2-g470672f (webtiles) character file.

95 monobi the Insei (level 4, -1/31 HPs)
             Began as an Octopode Monk on Sept 4, 2015.
             Slain by an orc
             ... wielding a +0 trident
              (4 damage)
             ... on level 3 of the Dungeon.
             The game lasted 00:04:00 (1909 turns).

monobi the Insei (Octopode Monk)                    Turns: 1909, Time: 00:04:00

Health: -1/31      AC:  1    Str: 10    XL:     4   Next: 66%
Magic:  4/4        EV: 14    Int: 12    God:
Gold:   13         SH:  0    Dex: 18    Spells: 0 memorised, 3 levels left

rFire  . . .     SeeInvis +       - Unarmed
rCold  . . .     Clarity  .     (no shield)
rNeg   . . .     SustAb   .     (helmet restricted)
rPois  .         Gourm    .     (no amulet)
rElec  .         Spirit   .     e - ring of protection from magic
rCorr  .         Warding  .     f - ring of see invisible
rMut   .         Stasis   .     a - +3 ring of dexterity
MR     +....                    (no ring)
Stlth  ++++......               (no ring)
                                (no ring)
                                (no ring)
                                (no ring)

@: somewhat resistant to hostile enchantments, stealthy
A: almost no armour, amphibious, 8 rings, constrict 8, camouflage 1, gelatinous
body 1
a: no special abilities


You were on level 3 of the Dungeon.
You were not hungry.

You visited 1 branch of the dungeon, and saw 3 of its levels.

You collected 13 gold pieces.

Inventory:

Hand weapons
 d - a +2 dagger of venom
Jewellery
 a - a +3 ring of dexterity (on tentacle)
 e - a ring of protection from magic (left tentacle)
 f - a ring of see invisible (right tentacle)
Magical devices
 k - a wand of frost (26)
Scrolls
 g - 2 scrolls of enchant weapon
 h - a scroll of enchant armour {unknown}
 j - 2 scrolls of remove curse {unknown}
Potions
 i - a potion of ambrosia {unknown}
 l - a potion of might {unknown}
Comestibles
 b - a bread ration


   Skills:
 + Level 3.5 Fighting
 + Level 3.4 Dodging
 + Level 4.3 Stealth
 + Level 4.6 Unarmed Combat


You had 3 spell levels left.
You didn't know any spells.

Dungeon Overview and Level Annotations

Branches:
Dungeon (3/15)

Altars:
Qazlal
Ru


Innate Abilities, Weirdness & Mutations

You cannot wear most types of armour.
You are amphibious.
You can wear up to eight rings at the same time.
You can use your tentacles to constrict many enemies at once.
Your skin changes colour to match your surroundings (Stealth).
Your rubbery body absorbs attacks (AC +1).


Message History

The orc barely misses you.
You tentacle-slap the bat.
You kill the bat!
You bludgeon the rat!
You kill the rat!
The orc closely misses you.
The orc shouts!
The orc barely misses you.
The orc wizard gestures wildly while chanting.
The orc wizard blinks!
You tentacle-slap the orc wizard but do no damage.
Your grab misses the orc wizard. Your squeeze misses the orc wizard.
The orc wizard hits you but does no damage.
The orc hits you with a trident.
* * * LOW HITPOINT WARNING * * *
You tentacle-slap the orc wizard. Your grab misses the orc wizard.
Your squeeze misses the orc wizard.
The orc wizard is moderately wounded.
The orc wizard barely misses you. The orc hits you with a trident.
You die...

#..#.#.............#
#...........########
#....########
#..........#
#....#####.# #....#
#...#### #..oooo#
#......[##@#
#..##...##.# #.
#...##..#
....o##..._
####..##.##.#
...##.# ..# #..##.#
.# # ... # ..#


You could see an orc wizard and 3 orcs.

Vanquished Creatures
  2 adders (D:2)
  A worm (D:2)
  A giant gecko (D:3)
  2 oozes
  An orc (D:3)
  A ball python (D:2)
  9 giant cockroaches
  2 goblins
  8 hobgoblins
  15 bats
  5 giant newts
  5 jackals (D:1)
  7 kobolds
  10 rats
69 creatures vanquished.

Notes
Turn   | Place    | Note
--------------------------------------------------------------
     0 | D:1      | monobi, the Octopode Monk, began the quest for the Orb.
     0 | D:1      | Reached XP level 1. HP: 16/16 MP: 1/1
   107 | D:1      | Reached XP level 2. HP: 17/21 MP: 2/2
   464 | D:1      | Reached XP level 3. HP: 22/26 MP: 3/3
   989 | D:2      | Reached XP level 4. HP: 26/31 MP: 4/4
  1553 | D:2      | Found a stormy altar of Qazlal.
  1902 | D:3      | Found a sacrificial altar of Ru.
  1909 | D:3      | Slain by an orc

Action                   |  1- 3 |  4- 6 || total
-------------------------+-------+-------++-------
Melee: Unarmed           |    81 |    52 ||   133
  Use: Scroll            |     2 |       ||     2
       Potion            |       |     2 ||     2
 Stab: Sleeping          |    22 |     8 ||    30
  Eat: Bread ration      |       |     1 ||     1
